 Dungeon Crawl Stone Soup version 0.31-a0-187-gba352fbbf7 (webtiles) character file.

Game seed: 9302655788126984444

37 qw the Shooter (level 3, -1/20 HPs)
             Began as a Deep Elf Hunter on June 22, 2023.
             Succumbed to an adder's poison
             ... on level 2 of the Dungeon.
             The game lasted 00:00:15 (1008 turns).

qw the Shooter (Deep Elf Hunter)                    Turns: 1008, Time: 00:00:16

Health: -1/20      AC:  6    Str: 10    XL:     3   Next: 21%
Magic:  5/5        EV: 11    Int: 13    God:
Gold:   56         SH:  0    Dex: 18    Spells: 2/2 levels left

rFire   . . .        Y - +0 shortbow
rCold   . . .        (shield currently unavailable)
rNeg    . . .        d - +0 ring mail
rPois   .            (no helmet)
rElec   .            (no cloak)
rCorr   .            h - +0 pair of gloves
SInv    .            (no boots)
Will    .....        (no amulet)
Stlth   +            (no ring)
HPRegen 0.23/turn    (no ring)
MPRegen 0.09/turn

%: no passive effects
@: lethally poisoned (-1 -> -8)
A: no striking features
a: no special abilities


You were on level 2 of the Dungeon.
You visited 1 branch of the dungeon, and saw 2 of its levels.

You collected 56 gold pieces.


   Skills:
 - Level 1.5 Fighting
 + Level 6.8 Ranged Weapons
 - Level 2.4 Dodging
 - Level 1.2 Stealth


You had 2 spell levels left.
You didn't know any spells.
Your spell library was empty.

Inventory:

Hand Weapons
 Y - a +0 shortbow (weapon)
Armour
 d - a +0 ring mail (worn)
 h - a +0 pair of gloves (worn)
Scrolls
 a - a scroll of identify
Potions
 f - a potion of lignification {unknown}

Dungeon Overview and Level Annotations

Branches:
Dungeon (2/15)

Altars:


Message History

You shoot an arrow. The arrow hits the adder.
The adder hisses angrily.
The adder is lightly wounded.
The adder bites you but does no damage.
You shoot an arrow. The arrow misses the adder.
The adder barely misses you. The adder bites you but does no damage.
You shoot an arrow. The arrow closely misses the adder.
The adder bites you but does no damage.
You shoot an arrow. The arrow hits the adder.
The adder is heavily wounded.
The adder bites you. The adder misses you.
You shoot an arrow. The arrow closely misses the adder.
The adder bites you but does no damage. x2
You shoot an arrow. The arrow hits the adder.
The adder is almost dead.
The adder bites you.
You are poisoned.
The adder poisons you!
You shoot an arrow. The arrow closely misses the adder.
You feel sick. The adder barely misses you.
The adder bites you but does no damage.
You shoot an arrow. The arrow barely misses the adder.
You feel sick. The adder bites you.
You are lethally poisoned!
The adder poisons you! The adder barely misses you.
You shoot an arrow. The arrow misses the adder.
You feel sick. The adder bites you.
You are more poisoned.
The adder poisons you!
You shoot an arrow. The arrow hits the adder!
You kill the adder!
You feel very sick.
You have reached level 3!
Your experience leads to an increase in your attributes!
Increase (S)trength, (I)ntelligence, or (D)exterity?
You feel stronger. x2
There is a lethal amount of poison in your body!
You feel sick.
There is a lethal amount of poison in your body!
You die...

#.# #.## #..#
#..# #####..#
#########......#
#.........###..#
#.##########...#
#@# #....#
#.......# ##...#
#.........#
##.##
#.###.#.#.# #.#
# #.#.# # #.#
#.#.# ##'## ...
# ##...## ...
##.....##
#.......#


There were no monsters in sight!

Vanquished Creatures
  An adder (D:2)
  A worm (D:2)
  3 endoplasms (D:1)
  3 goblins
  2 hobgoblins (D:1)
  2 jackals (D:2)
  4 kobolds (D:1)
  2 quokkas
  A ball python (D:1)
  A bat (D:1)
  2 frilled lizards (D:1)
  A rat (D:1)
23 creatures vanquished.

Notes
Turn   | Place    | Note
-------+----------+-------------------------------------------
     0 | D:1      | qw the Deep Elf Hunter began the quest for the Orb.
     0 | D:1      | Reached XP level 1. HP: 12/12 MP: 3/3
     0 | D:1      | 0 ||| qw: Version: 0.3-a-9-g12657ce
     0 | D:1      | 0 ||| qw: Game counter: 1970
     0 | D:1      | 0 ||| qw: Always use a shield: true
     0 | D:1      | 0 ||| qw: God list: Okawaru
     0 | D:1      | 0 ||| qw: Allow faded altars: false
     0 | D:1      | 0 ||| qw: Do Orc after D:15 true
     0 | D:1      | 0 ||| qw: Do second Lair branch before Depths: true
     0 | D:1      | 0 ||| qw: Lair rune preference: random
     0 | D:1      | 0 ||| qw: Plans: Normal
     0 | D:1      | 0 ||| PLANNING D:1-11
   233 | D:1      | Reached XP level 2. HP: 16/16 MP: 4/4
   235 | D:1      | Reached skill level 6 in Ranged Weapons
   830 | D:1      | 830 ||| UPGRADING to +0 ring mail.
   840 | D:1      | 840 ||| DROPPING +0 leather armour.
   841 | D:1      | 841 ||| UPGRADING to +0 pair of gloves.
   846 | D:1      | 846 ||| READING 2 scrolls labelled FASAEZXAESI.
   847 | D:1      | 847 ||| READING scroll labelled OKHIOS QASI.
   851 | D:1      | 851 ||| DROPPING scroll of butterflies.
  1006 | D:2      | HP: 2/16 [poisoned by an adder]
  1007 | D:2      | Reached XP level 3. HP: 3/20 MP: 5/5
  1008 | D:2      | Succumbed to an adder's poison

Levels and vault maps discovered:
D:1:      dpeg_arrival_tiny_a, layout_loops_corners
D:2:      minmay_recursive_quarters, layout_loops_corners, serial_shops,
          nicolae_shop_rolled_up, uniq_jessica

Skill      XL: |  1  2 |
---------------+-------+-----
Ranged Weapons | 6 |  6.8
Fighting       | |  1.5
Dodging        | |  2.4
Stealth        | |  1.2

Action                     || total
---------------------------++-------
   Fire: Shortbow          ||    66
    Use: Scroll            ||     2
 Armour: Leather armour    ||     4
         Ring mail         ||     6
  Dodge: Dodged            ||    10

Table legend:
 A = Non-vault XP
 B = Vault XP
 C = Vault XP percentage of total XP
 D = Non-vault monster count
 E = Vault monster count
 F = Vault count percentage of total count
                 A         B        C        D         E       F
            +---------+---------+-------+---------+---------+-------
      Total |      53 |       0 |   0.0 |      23 |       0 |   0.0
            +---------+---------+-------+---------+---------+-------
        D:1 |      25 |       0 |   0.0 |      16 |       0 |   0.0
        D:2 |      28 |       0 |   0.0 |       7 |       0 |   0.0
            +---------+---------+-------+---------+---------+-------
